 Dungeon Crawl Stone Soup version 0.29-a0-1019-g84f7d21838 (webtiles) character file.

Game seed: 2299432799350839998

228 testman the Ducker (level 6, 0/44 HPs)
             Began as a Gnoll Wanderer on Aug 10, 2022.
             Was a Believer of Dithmenos.
             Slain by Edmund
             ... wielding a +3 flail of protection
              (12 damage)
             ... on level 4 of the Dungeon.
             The game lasted 00:10:47 (3655 turns).

testman the Ducker (Gnoll Wanderer)                 Turns: 3655, Time: 00:10:48

Health: 0/44       AC:  6    Str: 10    XL:     6   Next: 2%
Magic:  0/11       EV: 14    Int: 13    God:    Dithmenos [**....]
Gold:   94         SH:  0    Dex: 13    Spells: 7/11 levels left

rFire   + . .      SeeInvis .   a - +0 dagger
rCold   . . .      Faith    .   (no shield)
rNeg    . . .      Spirit   .   d - +2 leather armour
rPois   .          Reflect  .   (no helmet)
rElec   .          Harm     .   (no cloak)
rCorr   .          Rampage  .   (no gloves)
Will    .....                   t - +0 pair of boots
Stlth   +++.......              (no amulet)
HPRegen 0.14/turn               h - ring of wizardry
MPRegen 0.12/turn               i - ring of protection from fire

@: wreathed by umbra
A: fangs 1, strong nose, distributed training
a: Renounce Religion, Shadow Step


You were on level 4 of the Dungeon.
You worshipped Dithmenos.
Dithmenos was pleased with you.
You visited 1 branch of the dungeon, and saw 4 of its levels.

You collected 94 gold pieces.

Inventory:

Hand Weapons
 a - a +0 dagger (weapon)
Missiles
 q - 7 poisoned darts
Armour
 d - a +2 leather armour (worn)
 t - a +0 pair of boots (worn)
Magical Staves
 f - a staff of conjuration
Jewellery
 h - a ring of wizardry (left hand)
 i - a ring of protection from fire (right hand)
Wands
 s - a wand of mindburst (28)
Scrolls
 b - 2 scrolls of silence
 c - a scroll of butterflies
 j - a scroll of noise {unknown}
 k - a scroll of immolation {unknown}
 p - 2 scrolls of amnesia {unknown}
 r - a scroll of identify {unknown}
Potions
 e - a potion of resistance {unknown}
 g - 2 potions of curing
 l - 2 potions of haste {unknown}
 m - a potion of lignification {unknown}
 n - a potion of heal wounds {unknown}
 o - a potion of ambrosia {unknown}
 u - a potion of mutation {unknown}


   Skills:
 + Level 1.8 Fighting
 + Level 1.8 Short Blades
 + Level 1.8 Long Blades
 + Level 1.8 Axes
 + Level 1.8 Maces & Flails
 + Level 1.8 Polearms
 + Level 1.8 Staves
 + Level 1.8 Ranged Weapons
 + Level 1.8 Throwing
 + Level 1.8 Armour
 + Level 6.8 Dodging
 + Level 4.5 Stealth
 + Level 1.8 Shields
 + Level 1.8 Unarmed Combat
 + Level 3.3 Spellcasting
 + Level 1.4 Conjurations
 + Level 1.4 Hexes
 + Level 1.4 Summonings
 + Level 1.4 Necromancy
 + Level 1.4 Translocations
 + Level 1.4 Transmutations
 + Level 1.4 Fire Magic
 + Level 4.0 Ice Magic
 + Level 1.4 Air Magic
 + Level 1.4 Earth Magic
 + Level 1.4 Poison Magic
 + Level 2.0 Invocations
 + Level 4.9 Evocations


You had 7 spell levels left.
You knew the following spells:

 Your Spells              Type           Power      Damage    Failure   Level
a - Freeze                Ice            48%        1d7       2%          1
b - Frozen Ramparts       Ice            24%        1d4       6%          3

Your spell library contained the following spells:

 Spells                   Type           Power      Damage    Failure   Level
 Beastly Appendage        Tmut           10%        N/A       6%          1
 Wereblood                Tmut           5%         N/A       10%         2
 Spider Form              Tmut/Pois      5%         N/A       19%         3


Dungeon Overview and Level Annotations

Branches:
Dungeon (4/15)
 Temple: D:4-7

Altars:
Dithmenos
Yredelemnul

Shops:
D:1 (

Annotations:
D:4 Edmund


Innate Abilities, Weirdness & Mutations

You have very sharp teeth.
Your uncanny sense of smell can sniff out nearby items.
Your experience applies equally to all skills.


Message History

Edmund barely resists.
The wall freezes Edmund but does no damage.
You barely miss Edmund.
The wall freezes Edmund but does no damage.
Edmund barely misses you.
Aiming: Freeze (safe; 2% risk of failure)
Press: ? - help, Q - select action, (/) - cycle Shift-Dir - straight line, f/p - Edmund
Aim: Edmund, wielding a +3 flail of protection and wearing a +0 ring mail (umbra)
You freeze Edmund!
Edmund is lightly wounded.
The wall freezes Edmund but does no damage.
Edmund hits you with a +3 flail of protection.
Aiming: Freeze (safe; 2% risk of failure)
Press: ? - help, Q - select action, (/) - cycle Shift-Dir - straight line, f/p - Edmund
Aim: Edmund, wielding a +3 flail of protection and wearing a +0 ring mail (lightly wounded, umbra)
You freeze Edmund.
Edmund is moderately wounded.
The wall freezes Edmund but does no damage.
Edmund says, "I'm quite good with sums, too."
Edmund completely misses you.
Aiming: Freeze (safe; 2% risk of failure)
Press: ? - help, Q - select action, (/) - cycle Shift-Dir - straight line, f/p - Edmund
Aim: Edmund, wielding a +3 flail of protection and wearing a +0 ring mail (moderately wounded, umbra)
You freeze Edmund.
Edmund is heavily wounded.
The wall freezes Edmund but does no damage.
Edmund barely misses you.
Aiming: Freeze (safe; 2% risk of failure)
Press: ? - help, Q - select action, (/) - cycle Shift-Dir - straight line, f/p - Edmund
Aim: Edmund, wielding a +3 flail of protection and wearing a +0 ring mail (heavily wounded, umbra)
You freeze Edmund.
Edmund is heavily wounded.
The frozen ramparts melt away.
Edmund hits you with a +3 flail of protection.
* * * LOW HITPOINT WARNING * * *
Okay, then.
You hit Edmund.
Edmund is heavily wounded.
Edmund hits you with a +3 flail of protection!
You die...

.##.<...............#
.....................
..<...........##.... (
.......###....# . ..
......## ##...# .(.
.....## ##†.## ...
......######...### ..#
.................##.).#
...............†@@)..#
..............####...#
......######..# ##..#∆
....### #..## ## ∆
....## ##..# .....##
#..## ∆ ......####..#
.......##...#
............#


You could see Edmund.

Vanquished Creatures
  A scorpion (D:4)
  An orc priest (D:4)
  An adder (D:3)
  6 gnolls (D:3)
  2 worms (D:2)
  5 dart slugs
  2 orcs (D:4)
  4 ball pythons
  5 endoplasms
  A giant cockroach (D:3)
  A goblin (D:1)
  7 hobgoblins
  A jackal (D:2)
  2 kobolds
  3 quokkas
  8 bats
  4 frilled lizards
  4 rats
58 creatures vanquished.

Notes
Turn   | Place    | Note
-------+----------+-------------------------------------------
     0 | D:1      | testman the Gnoll Wanderer began the quest for the Orb.
     0 | D:1      | testman set off with the following items: a +0 dagger, a
                  | scroll of silence, a scroll of butterflies, a +2 leather
                  | armour; and the following spell memorised: Freeze; and the
                  | following spells available to memorise: Frozen Ramparts.
     0 | D:1      | Reached XP level 1. HP: 13/13 MP: 4/4
     6 | D:1      | Found Jakkiade's Antique Weapon Shop.
    68 | D:1      | Found a faded altar of an unknown god.
    70 | D:1      | You fall into a shaft and drop 1 floor!
    78 | D:1      | Reached XP level 2. HP: 19/19 MP: 5/5
   300 | D:1      | Prayed at the altar of an unknown god.
   300 | D:1      | Became a worshipper of Dithmenos the Shadowed
   300 | D:1      | Reached * piety under Dithmenos
   561 | D:1      | Reached XP level 3. HP: 25/25 MP: 7/7
  1182 | D:2      | Learned a level 3 spell: Frozen Ramparts
  1257 | D:2      | Reached skill level 1 in Invocations
  1352 | D:2      | Found a basalt altar of Yredelemnul.
  1555 | D:2      | Reached skill level 1 in Fighting
  1555 | D:2      | Reached skill level 1 in Short Blades
  1555 | D:2      | Reached skill level 1 in Long Blades
  1555 | D:2      | Reached skill level 1 in Axes
  1555 | D:2      | Reached skill level 1 in Maces & Flails
  1555 | D:2      | Reached skill level 1 in Polearms
  1555 | D:2      | Reached skill level 1 in Staves
  1555 | D:2      | Reached skill level 1 in Ranged Weapons
  1555 | D:2      | Reached skill level 1 in Throwing
  1555 | D:2      | Reached skill level 1 in Armour
  1555 | D:2      | Reached skill level 1 in Shields
  1555 | D:2      | Reached skill level 1 in Unarmed Combat
  1738 | D:2      | Reached ** piety under Dithmenos
  2218 | D:3      | Reached XP level 4. HP: 32/32 MP: 5/8
  2491 | D:3      | Reached skill level 1 in Conjurations
  2491 | D:3      | Reached skill level 1 in Hexes
  2491 | D:3      | Reached skill level 1 in Summonings
  2491 | D:3      | Reached skill level 1 in Necromancy
  2491 | D:3      | Reached skill level 1 in Translocations
  2491 | D:3      | Reached skill level 1 in Transmutations
  2491 | D:3      | Reached skill level 1 in Fire Magic
  2491 | D:3      | Reached skill level 1 in Air Magic
  2491 | D:3      | Reached skill level 1 in Earth Magic
  2491 | D:3      | Reached skill level 1 in Poison Magic
  2875 | D:3      | Reached XP level 5. HP: 29/37 MP: 2/9
  3465 | D:4      | Found a basalt altar of Yredelemnul.
  3637 | D:4      | Noticed Edmund
  3643 | D:4      | Reached XP level 6. HP: 17/44 MP: 6/11
  3655 | D:4      | Slain by Edmund

Illustrated notes

Levels and vault maps discovered:
D:1:      dpeg_arrival_tiny_i, layout_loops_ring,
          shapermc_ecumenical_altar_totnotflames, serial_shops, shop
D:2:      wad_river_or_something, layout_basic, basic_altar,
          minmay_misc_feat_columns
D:3:      layout_basic, serial_bayou_pond_c
D:4:      old_forge, layout_layer_cave, mainiacjoe_overflow_catch_the_wave,
          uniq_grinder, uniq_edmund, uniq_pikel

Skill      XL: |  1  2  3  4  5 |
---------------+----------------+-----
Invocations    | 1 2 |  2.0
Fighting       | 1 |  1.8
Short Blades   | 1 |  1.8
Long Blades    | 1 |  1.8
Axes           | 1 |  1.8
Maces & Flails | 1 |  1.8
Polearms       | 1 |  1.8
Staves         | 1 |  1.8
Ranged Weapons | 1 |  1.8
Throwing       | 1 |  1.8
Armour         | 1 |  1.8
Shields        | 1 |  1.8
Unarmed Combat | 1 |  1.8
Spellcasting   | 3 |  3.3
Conjurations   | 1 |  1.4
Hexes          | 1 |  1.4
Summonings     | 1 |  1.4
Necromancy     | 1 |  1.4
Translocations | 1 |  1.4
Transmutations | 1 |  1.4
Fire Magic     | 1 |  1.4
Air Magic      | 1 |  1.4
Earth Magic    | 1 |  1.4
Poison Magic   | 1 |  1.4
Ice Magic      | 4 |  4.0
Dodging        | |  6.8
Stealth        | |  4.5
Evocations     | |  4.9

Action                   |  1- 3 |  4- 6 || total
-------------------------+-------+-------++-------
Melee: Dagger            |   108 |    35 ||   143
       Bite              |     7 |     7 ||    14
       Punch             |     2 |     2 ||     4
Throw: Dart              |       |    17 ||    17
 Cast: Freeze            |    20 |    10 ||    30
       Frozen Ramparts   |     4 |     8 ||    12
Evoke: Wand              |       |     2 ||     2
  Use: Potion            |       |     1 ||     1
 Stab: Sleeping          |    14 |     2 ||    16
Armor: Leather armour    |    22 |     7 ||    29
Dodge: Dodged            |    90 |    36 ||   126

Table legend: (Time is in decaauts)
 A = Elapsed time spent in this place.
 B = Non-inter-level travel time spent in this place.
 C = Inter-level travel time spent in this place.
 D = Time resting spent in this place.
 E = Time spent auto-exploring this place.
 F = Levels seen in this place.
 G = Mean time per level.
                   A        B        C        D        E       F      G
               +--------+--------+--------+--------+--------+-----+--------+
         Total |   3655 |   3464 |    191 |      0 |   2858 |   4 |  913.8 |
       Dungeon |   3655 |   3464 |    191 |      0 |   2858 |   4 |  913.8 |
               +--------+--------+--------+--------+--------+-----+--------+

Top non-repeatable levels by time:
     D:2: 1290 daAuts
     D:3: 1149 daAuts
     D:1: 920 daAuts
     D:4: 295 daAuts
